 Dungeon Crawl Stone Soup version 0.21-a0-396-ga924934 (webtiles) character file.

186 Ijustatesigmund the Sneak (level 5, -1/25 HPs)
             Began as a Spriggan Assassin on Oct 19, 2017.
             Killed by divine providence
             ... invoked by an orc priest
              (14 damage)
             ... on level 4 of the Dungeon.
             The game lasted 00:05:45 (2937 turns).

Ijustatesigmund the Sneak (Spriggan Assassin)       Turns: 2937, Time: 00:05:45

Health: -1/25      AC:  4    Str:  7    XL:     5   Next: 38%
Magic:  6/6        EV: 20    Int: 13    God:
Gold:   163        SH:  0    Dex: 18    Spells: 4/4 levels left

rFire    . . .     SeeInvis +   a - +3 dagger (pain)
rCold    . . .     Gourm    .   (shield restricted)
rNeg     . . .     Faith    .   c - +0 robe
rPois    .         Spirit   .   (helmet restricted)
rElec    .         Reflect  .   d - +1 cloak
rCorr    .         Harm     .   (gloves unavailable)
MR       .....                  (boots unavailable)
Stlth    ++++......             (no amulet)
HPRegen  0.08/turn              (no ring)
MPRegen  0.10/turn              (no ring)

@: lethally poisoned (-1 -> -8), very quick
A: unfitting armour, see invisible, herbivore 3, speed 3, slow metabolism 2
a: no special abilities


You were on level 4 of the Dungeon.
You were not hungry.

You visited 1 branch of the dungeon, and saw 4 of its levels.

You collected 163 gold pieces.

Inventory:

Hand Weapons
 a - a +3 dagger of pain (weapon)
 b - a +0 blowgun
 h - a +2 dagger
Missiles
 e - 27 poisoned needles
 f - 2 curare-tipped needles
 w - 6 tomahawks (quivered)
Armour
 c - a +0 robe (worn)
 d - a +1 cloak (worn)
Jewellery
 q - an uncursed ring of ice
Scrolls
 k - 2 scrolls of remove curse
 r - a scroll of fog
 t - a scroll of teleportation
 v - a scroll of amnesia {unknown}
Potions
 i - a potion of curing
 l - a potion of flight
 m - a potion of brilliance
 n - a potion of magic {unknown}
 p - a potion of degeneration {unknown}
 s - a potion of agility {unknown}
 u - a potion of lignification {unknown}
Comestibles
 g - 2 bread rations
 j - 2 royal jellies
 o - a fruit


   Skills:
 - Level 1.5 Fighting
 + Level 4.0 Short Blades
 - Level 2.0 Throwing
 + Level 4.6 Dodging
 + Level 7.5 Stealth


You had 4 spell levels left.
You didn't know any spells.

Dungeon Overview and Level Annotations

Branches:
Dungeon (4/15)
 Temple: D:4-7

Altars:
Fedhas


Innate Abilities, Weirdness & Mutations

You are very small and have problems with some larger weapons.
You are too small for most types of armour.
You have supernaturally acute eyesight. (SInv)
You are a herbivore.
You cover ground extremely quickly.
You need consume almost no food.


Message History

You are poisoned.
You hit the orc priest.
The orc priest is moderately wounded.
You feel sick.
You barely miss the orc priest.
The orc priest is moderately wounded.
You feel sick.
The orc priest hits you with a dagger of venom.
You hit the orc priest.
The orc priest is heavily wounded.
The orc priest closely misses you.
You completely miss the orc priest.
The orc priest is heavily wounded.
You feel sick. The orc priest misses you.
The orc priest looks braver for a moment.
You feel sick.
The orc priest invokes the aid of Beogh against you.
Beogh smites you!
Ouch! That really hurt!
You die...

### ..# #o# #o# #o#
#o# .# #.# .# .# #.#
.# .. #.##@##.#### #.
# #.#..>...... #.
#.##.#..#.##### #.
..........# #.
#.##.#.#..# #.
#......# #<
#.#.#..########## #.
#).....##.......# #.
###.#..##.......####.


You could see 2 orc priests and 2 orcs.

Vanquished Creatures
  An ogre (D:3)
  3 adders (D:2)
  An ooze (D:1)
  2 dart slugs
  2 leopard geckos
  5 orcs
  3 giant cockroaches
  6 goblins
  A hobgoblin (D:2)
  8 jackals
  11 kobolds
  A quokka (D:3)
  5 bats
  4 frilled lizards
  A quokka skeleton (D:2)
  5 rats
59 creatures vanquished.

Notes
Turn   | Place    | Note
-------+----------+-------------------------------------------
     0 | D:1      | Ijustatesigmund the Spriggan Assassin began the quest for the Orb.
     0 | D:1      | Reached XP level 1. HP: 10/10 MP: 2/2
   111 | D:1      | Reached skill level 6 in Stealth
   175 | D:1      | Reached XP level 2. HP: 3/14 MP: 3/3
   644 | D:1      | Reached XP level 3. HP: 12/18 MP: 4/4
  1625 | D:2      | Found a blossoming altar of Fedhas.
  1705 | D:2      | Reached XP level 4. HP: 22/22 MP: 5/5
  2023 | D:3      | Found a faded altar of an unknown god.
  2069 | D:3      | Reached skill level 7 in Stealth
  2144 | D:3      | Noticed an ogre
  2183 | D:3      | Killed an ogre
  2183 | D:3      | Reached XP level 5. HP: 25/25 MP: 6/6
  2937 | D:4      | Killed from afar by an orc priest

Vault maps used:
D:1:      dpeg_arrival_chase
D:2:      lemuel_round_altar
D:3:      chequers_ecumenical_altar_simple_redux
D:4:      lemuel_coloured_pillars_altar, first_bread, serial_shops, shop,
          kennysheep_generic_room_4

Skill      XL: |  1  2  3  4  5 |
---------------+----------------+-----
Dodging        | 2 3 4 |  4.6
Stealth        | 6 7 |  7.5
Short Blades   | 3 4 |  4.0
Fighting       | |  1.5
Throwing       | |  2.0

Action                   |  1- 3 |  4- 6 || total
-------------------------+-------+-------++-------
Melee: Dagger            |   138 |    70 ||   208
 Fire: Blowgun           |     4 |     9 ||    13
  Use: Scroll            |     7 |     2 ||     9
 Stab: Sleeping          |     5 |     5 ||    10
       Distracted        |     1 |       ||     1
Armor: Robe              |    20 |     6 ||    26
Dodge: Dodged            |   101 |    46 ||   147

Table legend:
 A = Spawn XP
 B = Non-spawn XP
 C = Spawn XP percentage of total XP
 D = Spawn monster count
 E = Non-spawn monster count
 F = Spawn count percentage of total count
 G = Total turns spent on level
                    A         B        C        D         E        F      G
               +---------+---------+-------+---------+---------+-------+---------
         Total |       0 |     267 |   0.0 |       0 |      59 |   0.0 |  2937
               +---------+---------+-------+---------+---------+-------+---------
           D:1 |       0 |      47 |   0.0 |       0 |      25 |   0.0 |  1063
           D:2 |       0 |      68 |   0.0 |       0 |      19 |   0.0 |   845
           D:3 |       0 |     149 |   0.0 |       0 |      14 |   0.0 |   983
           D:4 |       0 |       3 |   0.0 |       0 |       1 |   0.0 |    46
               +---------+---------+-------+---------+---------+-------+---------
